 Dungeon Crawl Stone Soup version 0.29-a0-334-gb41bcbb86e (webtiles) character file.

Game seed: 42656060081883737

2767 spaghetti the Grave Robber (level 9, 0/66 HPs)
             Began as a Demonspawn Gladiator on Apr 13, 2022.
             Was an Initiate of Gozag.
             Slain by an eight-headed hydra (10 damage)
             ... on level 8 of the Dungeon.
             The game lasted 00:10:17 (7672 turns).

spaghetti the Grave Robber (Demonspawn Gladiator)   Turns: 7672, Time: 00:10:17

Health: 0/66       AC:  5    Str: 15    XL:     9   Next: 42%
Magic:  9/9        EV: 15    Int:  9    God:    Gozag
Gold:   637        SH:  5    Dex: 19    Spells: 2/8 levels left

rFire   + . .      SeeInvis .   n - +8 dagger "Jisoycus" {pain, rF+ rN+ Will+, short}
rCold   . . .      Faith    .   (no shield)
rNeg    + . .      Spirit   .   b - +0 leather armour
rPois   .          Reflect  +   c - +0 helmet
rElec   .          Harm     .   (no cloak)
rCorr   .          Rampage  .   (no gloves)
Will    +....                   (no boots)
Stlth   +++.......              g - amulet of reflection
HPRegen 0.21/turn               (no ring)
MPRegen 0.11/turn               (no ring)

@: about to teleport
A: icy blue scales 2, demonic magic 2, deformed body
a: Renounce Religion, Potion Petition, Call Merchant, Bribe Branch


You were on level 8 of the Dungeon.
You worshipped Gozag.
Gozag was pleased with you.
You visited 1 branch of the dungeon, and saw 8 of its levels.

You collected 1174 gold pieces.
You paid 537 gold pieces to Gozag.


Innate Abilities, Weirdness & Mutations

You are mostly covered in icy blue scales. (AC +3)
Spells you cast may paralyse nearby enemies.
Armour fits poorly on your strangely shaped body.


   Skills:
 + Level 4.5 Fighting
 + Level 5.4(5.7) Short Blades
 - Level 2.6(4.4) Long Blades
 - Level 1.7 Throwing
 + Level 6.5 Dodging
 + Level 5.6 Stealth
 + Level 6.5 Necromancy


You had 2 spell levels left.
You knew the following spells:

 Your Spells              Type           Power      Damage    Failure   Level
a - Corpse Rot            Necr/Air       10%        N/A       21%         2
b - Dispel Undead         Necr           11%        3d9       34%         4

Your spell library contained the following spells:

 Spells                   Type           Power      Damage    Failure   Level
 Cause Fear               Hex            0%         N/A       99%         4
 Death Channel            Necr           5%         N/A       99%         6
 Dragon Form              Tmut           0%         N/A       100%        7
 Dragon's Call            Summ           0%         N/A       100%        9

Inventory:

Hand Weapons
 a - a +0 long sword {long}
 n - the +8 dagger "Jisoycus" (weapon) {pain, rF+ rN+ Will+, short}
   (You found it on level 2 of the Dungeon)

   In the hands of one skilled in necromantic magic, it inflicts extra damage on
   living creatures.
   rF:        It protects you from fire.
   rN:        It protects you from negative energy.
   Will:      It increases your willpower.
 z - a +2 dagger of freezing {short}
   (You took it off a wight on level 5 of the Dungeon)
Missiles
 d - 3 throwing nets {=f!fthrowing}
 e - a javelin {throwing}
 f - 212 stones (quivered) {throwing}
 y - 6 poisoned darts {throwing}
Armour
 b - a +0 leather armour (worn)
 c - a +0 helmet (worn)
Magical Staves
 o - a staff of poison {!astaff}
   (You found it on level 4 of the Dungeon)
Jewellery
 g - an amulet of reflection (around neck)
   (You found it on level 1 of the Dungeon)
 B - a ring of fire
   (You found it on level 6 of the Dungeon)
Wands
 A - a wand of paralysis (12)
   (You found it on level 6 of the Dungeon)
 D - a wand of acid (8)
   (You took it off Maggie on level 6 of the Dungeon)
 G - a wand of mindburst (15)
   (You took it off an orc on level 7 of the Dungeon)
 H - a wand of iceblast (4)
   (You took it off an orc on level 7 of the Dungeon)
Scrolls
 i - a scroll of teleportation {@r4}
 j - 3 scrolls of fog
 l - a scroll of immolation {!r!r}
 m - a scroll of fear {unknown}
 r - a scroll of summoning {unknown}
 s - a scroll of enchant weapon {unknown}
 t - a scroll of noise {unknown}
 u - 2 scrolls of magic mapping {!r}
 F - a scroll of brand weapon
Potions
 h - 2 potions of haste {@q3}
 k - 2 potions of lignification {!q}
 p - a potion of heal wounds {@q2}
 q - a potion of flight
 v - a potion of cancellation {unknown}
 w - a potion of berserk rage {unknown}
 x - 3 potions of curing {unknown}
 E - a potion of invisibility {unknown}

Dungeon Overview and Level Annotations

Branches:
Dungeon (8/15)             Temple (0/1) D:6
   Lair: D:8-11

Altars:
Gozag
Kikubaaqudgha
Okawaru
Sif Muna

#..........
#...........
#...........
#..........
#..........
#.......###..
#######.#.##......
#<......#.....##
#########..@..#
#...D.+ ......h.#
#..........
#...##...... #...
......... #...
≈≈≈≈≈≈... #..
#####≈.#.


You could see an eight-headed hydra and a howler monkey.


Message History

No target in view!
No target in view!
No target in view!
No target in view!
No target in view!
You now have 761 gold pieces (gained 5).
k - 2 potions of lignification {!q} (gained 1)
C - 3 scrolls labelled YMYAME MERUU (gained 1)
You now have 767 gold pieces (gained 6).
Done exploring.
Done exploring.
As you read the scroll labelled ABA HUADDU, it crumbles to dust.
The scroll dissolves into smoke.
It was a scroll of fog.
Unknown command.
As you read the scroll labelled QOEHOMMEOGO, it crumbles to dust.
You feel strangely unstable.
It was a scroll of teleportation.
As you read the scroll labelled YMYAME MERUU, it crumbles to dust.
It is a scroll of identify.
l - a scroll of immolation
As you read the scroll of identify {@r1}, it crumbles to dust.
F - a scroll of brand weapon Your surroundings suddenly seem different.
As you read the scroll of identify {@r1}, it crumbles to dust.
u - 2 scrolls of magic mapping Done exploring.
Done exploring.
Done exploring.
(D) Dungeon (T) Temple
Where to? (Enter - D:7, ? - help)
You see here a +0 ring mail.
Items here: ))) [[.
Items here: )) [[.
There is a stone staircase leading down here.
You climb downwards.
You hear the roar of battle.
There is an entrance to a bailey on this level.
Hurry and find it before the portal closes forever!
There is a stone staircase leading up here.
Unknown command.
An eight-headed hydra comes into view.
An eight-headed hydra is nearby!
An eight-headed hydra is nearby!
An eight-headed hydra is nearby!
A howler monkey comes into view.
The howler monkey howls!
You hear a shout! x2
You puncture the eight-headed hydra!
The eight-headed hydra writhes in agony.
The eight-headed hydra bites you!
You block the eight-headed hydra's attack.
The eight-headed hydra misses you.
You block the eight-headed hydra's attack. x2
The eight-headed hydra bites you but does no damage.
The eight-headed hydra bites you!
The eight-headed hydra bites you but does no damage. 😮 HP[-22]
You take 22 damage, and now have 44/66 hp.
MASSIVE DAMAGE!! (PAUSE)
You hit the eight-headed hydra but do no damage.
The eight-headed hydra writhes in agony.
The howler monkey hoots and howls with incredible vigour!
You hear a shout! x5; You hear an angry hiss.
Unknown command.
You puncture the eight-headed hydra!
The eight-headed hydra barely misses you.
You block the eight-headed hydra's attack.
The eight-headed hydra bites you but does no damage.
The eight-headed hydra closely misses you.
The eight-headed hydra bites you but does no damage. x2
The eight-headed hydra bites you! x2
* * * LOW HITPOINT WARNING * * *
😨 HP[-21]
You take 21 damage, and now have 23/66 hp.
MASSIVE DAMAGE!! (PAUSE)
Okay, then. [a] - 378 gold - resistance and might [b] - 130 gold - heal wounds [c] - 336 gold - haste and brilliance Purchase which effect?
You feel much better. The eight-headed hydra bites you.
The eight-headed hydra bites you!
The eight-headed hydra barely misses you.
The eight-headed hydra bites you. The eight-headed hydra bites you!
* * * LOW HITPOINT WARNING * * *
The eight-headed hydra bites you!
* * * LOW HITPOINT WARNING * * *
The eight-headed hydra closely misses you.
The eight-headed hydra barely misses you. 😱 HP[-10]
You take 10 damage, and now have 13/66 hp.
Unknown command.
Unknown command.
As you read the scroll of teleportation {@r4}, it crumbles to dust.
You feel strangely unstable. The eight-headed hydra bites you.
* * * LOW HITPOINT WARNING * * *
The eight-headed hydra closely misses you.
The eight-headed hydra bites you but does no damage.
The eight-headed hydra bites you!
You die...
Your body crumbles into a pile of gold.

Skill      XL: |  1  2  3  4  5  6  7  8  9 |
---------------+----------------------------+-----
Dodging        | 3 4 5 6 |  6.5
Necromancy     | 1 2 3 4 5 6 |  6.5
Short Blades   | 1 2 3 4 5 |  5.4
Stealth        | 1 2 3 5 |  5.6
Fighting       | 3 4 |  4.5
Long Blades    | |  2.6
Throwing       | |  1.7

Action                   |  1- 3 |  4- 6 |  7- 9 || total
-------------------------+-------+-------+-------++-------
Melee: Long sword        |    45 |       |       ||    45
       Punch             |     3 |       |     7 ||    10
       Dagger            |    69 |    94 |   285 ||   448
Throw: Stone             |       |    55 |    68 ||   123
       Javelin           |       |       |     1 ||     1
Invok: Potion Petition   |       |       |     2 ||     2
Evoke: Wand              |       |       |     1 ||     1
  Use: Potion            |       |     7 |     2 ||     9
       Scroll            |       |       |     6 ||     6
 Stab: Sleeping          |     2 |     2 |     6 ||    10
       Distracted        |       |     1 |     2 ||     3
Armor: Leather armour    |    27 |    17 |    34 ||    78
       Skin              |       |       |     2 ||     2
Dodge: Dodged            |    55 |    33 |   100 ||   188
Block: Other             |    20 |    11 |    53 ||    84
       Reflection        |       |       |     2 ||     2

Levels and vault maps discovered:
D:1:      scummos_arrival_forest, layout_rooms, serial_glass, glass_columns_b,
          glass_columns_b, glass_columns_c, glass_columns_a, feat_on_display,
          item_on_display_a
D:2:      layout_basic, basic_altar, serial_forest,
          infiniplex_forest_straight_4, infiniplex_forest_clump_long,
          infiniplex_forest_end_1, infiniplex_forest_lined_room_2,
          infiniplex_forest_lined_2, infiniplex_forest_lined_3_way,
          infiniplex_forest_clump_tiny, infiniplex_forest_lined_corner,
          infiniplex_forest_end_double
D:3:      layout_basic, hellmonk_ecumenical_altar_run_dry,
          nicolae_elevator_lobby_plus
D:4:      layout_gridville, kennysheep_okawaru_gauntlet, kennysheep_mini,
          nzn_random_ring
D:5:      layout_loops_cross, lemuel_mausoleum_altar_kikubaaqudgha,
          nicolae_ossuary_entry_giza, serial_rivers,
          chequers_serial_rivers_micro_b, chequers_serial_rivers_micro_a,
          chequers_serial_rivers_marsh, chequers_serial_rivers_small_3,
          chequers_serial_rivers_marsh
D:6:      layout_gridville, mainiacjoe_overflow_small_starburst,
          minmay_temple_entry_junction_2, uniq_maggie
D:7:      layout_loops_ring, minmay_mini_ossuary
D:8:      layout_basic, mainiacjoe_overflow_tiny_flanked, lemuel_doored_altar,
          enter_bailey_3

Notes
Turn   | Place    | Note
-------+----------+-------------------------------------------
     0 | D:1      | spaghetti the Demonspawn Gladiator began the quest for the
                  | Orb.
     0 | D:1      | Reached XP level 1. HP: 16/16 MP: 1/1
     0 | D:1      | magus.rc [v1.9.6]
   321 | D:1      | Reached skill level 3 in Dodging
   497 | D:1      | Gained mutation: You are partially covered in icy blue
                  | scales. (AC +2) [demonic ancestry]
   497 | D:1      | Reached XP level 2. HP: 19/22 MP: 2/2
  1053 | D:2      | Found a shimmering blue altar of Sif Muna.
  1068 | D:2      | Identified the +8 dagger "Jisoycus" {pain, rF+ rN+ Will+}
  1306 | D:2      | Reached XP level 3. HP: 15/27 MP: 3/3
  1944 | D:3      | Reached skill level 1 in Necromancy
  1948 | D:3      | Found a faded altar of an unknown god.
  2078 | D:3      | Reached skill level 1 in Short Blades
  2086 | D:3      | You pick up a book of Decay and begin reading...
  2086 | D:3      | You add the spells Corpse Rot, Dispel Undead and Death
                  | Channel to your library.
  2474 | D:3      | Learned a level 2 spell: Corpse Rot
  2527 | D:4      | Gained mutation: Spells you cast may paralyse adjacent
                  | enemies. [demonic ancestry]
  2527 | D:4      | Reached XP level 4. HP: 33/33 MP: 4/4
  2550 | D:4      | Reached skill level 1 in Stealth
  2550 | D:4      | Reached skill level 2 in Necromancy
  2696 | D:4      | Found an opulent altar of Gozag.
  2728 | D:4      | Became a worshipper of Gozag Ym Sagoz the Greedy
  2844 | D:4      | Found an iron altar of Okawaru.
  2887 | D:4      | Reached skill level 4 in Dodging
  2887 | D:4      | Reached XP level 5. HP: 26/38 MP: 5/5
  3038 | D:4      | Reached skill level 2 in Short Blades
  3152 | D:4      | Noticed a black bear
  3160 | D:4      | Killed a black bear
  3161 | D:4      | Reached skill level 2 in Stealth
  3161 | D:4      | Reached skill level 3 in Necromancy
  3161 | D:4      | Gained mutation: Spells you cast may paralyse nearby
                  | enemies. [demonic ancestry]
  3161 | D:4      | Reached XP level 6. HP: 42/44 MP: 6/6
  3174 | D:4      | Gained mutation: You are weak. (Str -2) [potion of
                  | mutation]
  3345 | D:4      | Noticed a water moccasin
  3356 | D:4      | Killed a water moccasin
  3361 | D:4      | Reached skill level 3 in Short Blades
  3586 | D:5      | Entered Level 5 of the Dungeon
  3618 | D:5      | Reached skill level 3 in Stealth
  3618 | D:5      | Reached XP level 7. HP: 50/50 MP: 7/7
  3655 | D:5      | Found a sand-covered staircase.
  3713 | D:5      | Reached skill level 4 in Necromancy
  3721 | D:5      | Learned a level 4 spell: Dispel Undead
  3796 | D:5      | Reached skill level 5 in Dodging
  4096 | D:5      | Lost mutation: You are weak. (Str -2) [potion of mutation]
  4096 | D:5      | Gained mutation: Armour fits poorly on your strangely
                  | shaped body. [potion of mutation]
  4454 | D:5      | Reached XP level 8. HP: 56/56 MP: 8/8
  4477 | D:5      | Reached skill level 4 in Stealth
  4528 | D:5      | Found an ancient bone altar of Kikubaaqudgha.
  4540 | D:5      | Reached skill level 4 in Short Blades
  4686 | D:5      | Reached skill level 5 in Necromancy
  5193 | D:6      | Reached skill level 3 in Fighting
  5388 | D:6      | Found a shimmering blue altar of Sif Muna.
  5595 | D:6      | Noticed Maggie
  5614 | D:6      | Killed Maggie
  5615 | D:6      | Reached skill level 6 in Dodging
  5615 | D:6      | Reached skill level 5 in Stealth
  5721 | D:6      | Found a staircase to the Ecumenical Temple.
  5730 | D:6      | Gained mutation: You are mostly covered in icy blue scales.
                  | (AC +3) [demonic ancestry]
  5730 | D:6      | Reached XP level 9. HP: 49/65 MP: 9/9
  5737 | D:6      | Reached skill level 6 in Necromancy
  5989 | D:6      | Reached skill level 4 in Fighting
  5989 | D:6      | Reached skill level 5 in Short Blades
  7013 | D:7      | You pick up a book of the Dragon and begin reading...
  7013 | D:7      | You add the spells Cause Fear, Dragon Form and Dragon's
                  | Call to your library.
  7664 | D:8      | Noticed an eight-headed hydra
  7671 | D:8      | HP: 13/66 [eight-headed hydra (13)]
  7672 | D:8      | Slain by an eight-headed hydra

Vanquished Creatures
  Maggie (D:6)
  2 water moccasins
  2 sky beasts
  A black bear (D:4)
  An ogre (D:5)
  2 centaurs (D:5)
  A phantom (D:5)
  2 necrophages
  2 bullfrogs (D:6)
  3 scorpions
  A water moccasin zombie (D:5)
  A wight (D:5)
  5 howler monkeys
  4 hounds
  2 bullfrog zombies (D:5)
  A human zombie (D:5)
  A jelly (D:7)
  3 orc priests (D:6)
  2 gnoll shamans
  4 iguanas
  3 scorpion zombies (D:5)
  4 orc wizards
  5 mummies
  7 gnolls
  8 adders
  A shadow imp (D:7)
  3 worms (D:4)
  2 dart slugs
  25 orcs
  3 endoplasms
  3 giant cockroaches (D:4)
  9 goblins
  11 hobgoblins
  2 jackals (D:3)
  3 quokkas
  10 ball pythons
  2 bats (D:3)
  3 frilled lizards
  A goblin zombie (D:5)
  5 kobolds
  3 kobold zombies (D:7)
  2 orc zombies
  A rat (D:3)
157 creatures vanquished.

Table legend:
 A = Non-vault XP
 B = Vault XP
 C = Vault XP percentage of total XP
 D = Non-vault monster count
 E = Vault monster count
 F = Vault count percentage of total count
                 A         B        C        D         E       F
            +---------+---------+-------+---------+---------+-------
      Total |    2588 |    1365 |  34.5 |     117 |      40 |  25.5
            +---------+---------+-------+---------+---------+-------
        D:1 |      24 |       0 |   0.0 |      13 |       0 |   0.0
        D:2 |      19 |       0 |   0.0 |       5 |       0 |   0.0
        D:3 |      51 |       0 |   0.0 |      21 |       0 |   0.0
        D:4 |     195 |     435 |  69.0 |      21 |      19 |  47.5
        D:5 |     641 |     552 |  46.3 |      12 |      15 |  55.6
        D:6 |     976 |     356 |  26.7 |      25 |       1 |   3.8
        D:7 |     682 |      22 |   3.1 |      20 |       5 |  20.0
            +---------+---------+-------+---------+---------+-------

Illustrated notes

Table legend:
 A = Kills in this place as a percentage of kills in entire the game.
 B = Kills by you in this place as a percentage of kills by you in the entire game.
 C = Kills by friends in this place as a percentage of kills by friends in the entire game.
 D = Other kills in this place as a percentage of other kills in the entire game.
 E = Experience gained in this place as a percentage of experience gained in the entire game.
 F = Experience gained in this place divided by the number of levels of this place that you have seen.
                   A       B       C       D       E      F
               +-------+-------+-------+-------+-------+----------------------
         Total | 100.0 | 100.0 |   N/A |   N/A | 100.0 | 494.1
       Dungeon | 100.0 | 100.0 |   N/A |   N/A | 100.0 | 494.1
               +-------+-------+-------+-------+-------+----------------------

Table legend: (Time is in decaauts)
 A = Elapsed time spent in this place.
 B = Non-inter-level travel time spent in this place.
 C = Inter-level travel time spent in this place.
 D = Time resting spent in this place.
 E = Time spent auto-exploring this place.
 F = Levels seen in this place.
 G = Mean time per level.
                   A        B        C        D        E       F      G
               +--------+--------+--------+--------+--------+-----+--------+
         Total |   7601 |   7455 |    146 |   1224 |   5131 |   8 |  950.1 |
       Dungeon |   7601 |   7455 |    146 |   1224 |   5131 |   8 |  950.1 |
               +--------+--------+--------+--------+--------+-----+--------+

Top non-repeatable levels by time:
     D:5: 1597 daAuts
     D:6: 1253 daAuts
     D:7: 1172 daAuts
     D:1: 1058 daAuts
     D:4: 1041 daAuts
     D:2: 881 daAuts
     D:3: 581 daAuts
     D:8: 15 daAuts
